| TOP OF THE 1ST |
|
Scranton WB RailRiders batting - Pitching for Norfolk Tides : RHP Ryan Kotter
|
|
Pitching: RHP Ryan Kotter
|
|
|
Batting: RHB Neal Tinoco
|
0-0: Foul Ball, location: 2F 0-1: Ground out 1-3 (Groundball, 13S, EV 63.1 MPH)
|
|
Batting: LHB Kazuyoshi Nakamura
|
0-0: Called Strike 0-1: Fly out, F6 (Flyball, 56D, EV 86.9 MPH)
|
|
Batting: RHB Sean Neuroth
|
0-0: Foul Ball, location: 2F 0-1: Foul Ball, location: 2F 0-2: Ball 1-2: Foul Ball, location: 2F 1-2: Ball 2-2: Foul Ball, location: 2F 2-2: Strikes out swinging
|
| Top of the 1st over - 0 runs, 0 hits, 0 errors, 0 left on base; Scranton WB 0 - Norfolk 0 |
| BOTTOM OF THE 1ST |
|
Norfolk Tides batting - Pitching for Scranton WB RailRiders : LHP Nate Ciccarelli
|
|
Pitching: LHP Nate Ciccarelli
|
|
|
Batting: RHB Chase Cassidy
|
0-0: Foul Ball, location: 2F 0-1: Called Strike 0-2: Strikes out swinging
|
|
Batting: LHB Tom Edwards
|
0-0: Ball 1-0: Ball 2-0: Foul Ball, location: 2F 2-1: Foul Ball, location: 2F 2-2: Ball 3-2: Fly out, F8 (Line Drive, 8LD, EV 95.0 MPH)
|
|
Batting: SHB Brian Bentz
|
0-0: Called Strike 0-1: SINGLE (Popup, 4D, EV 46.3 MPH)
|
|
Batting: RHB Mike Hayward
|
0-0: Ball 1-0: Ball 2-0: Ball 3-0: Base on Balls Brian Bentz to second
|
|
Batting: RHB Sal Espinosa
|
0-0: Ball 1-0: Foul Ball, location: 2F 1-1: Ball 2-1: SINGLE (Line Drive, 8RS, EV 103.1 MPH) Brian Bentz to third Mike Hayward to second Runner from 3rd tries for Home, throw by CF and OUT! 8-2
|
| Bottom of the 1st over - 0 runs, 2 hits, 0 errors, 2 left on base; Scranton WB 0 - Norfolk 0 |
| TOP OF THE 2ND |
|
Scranton WB RailRiders batting - Pitching for Norfolk Tides : RHP Ryan Kotter
|
|
Batting: RHB Jarrod Joyce
|
0-0: Ball 1-0: Called Strike 1-1: Swinging Strike 1-2: Foul Ball, location: 2F 1-2: Foul Ball, location: 2F 1-2: Ball 2-2: Ball 3-2: Base on Balls
|
|
Batting: RHB Jeremy Boerman
|
0-0: Ball 1-0: Called Strike 1-1: Ball 2-1: Ball 3-1: SINGLE (Groundball, 34S, EV 70.6 MPH) (infield hit) Jarrod Joyce to second
|
|
Batting: RHB Russ Shambaugh
|
0-0: Called Strike 0-1: Foul Ball, location: 2F 0-2: Foul Ball, location: 2F 0-2: Foul Ball, location: 2F 0-2: Ball 1-2: Ball 2-2: Strikes out swinging
|
|
Batting: RHB Ryan Alban
|
0-0: Ball 1-0: Ball 2-0: Ball 3-0: Base on Balls Jarrod Joyce to third Jeremy Boerman to second
|
|
Batting: LHB Frank Mullen
|
0-0: Fielders Choice at 2nd, 6-4 (Groundball, 6S, EV 85.0 MPH) Jarrod Joyce scores Jeremy Boerman to third
|
|
Batting: SHB Cristiano Serrão
|
0-0: Called Strike 0-1: Reached on error, E4 (Groundball, 4, EV 91.3 MPH) Jeremy Boerman scores Frank Mullen to second
|
|
Batting: RHB Neal Tinoco
|
0-0: Ball 1-0: Called Strike 1-1: Foul Ball, location: 2F 1-2: 3-RUN HOME RUN (Flyball, 7D, EV 95.6 MPH), Distance : 386 ft
|
|
Batting: LHB Kazuyoshi Nakamura
|
0-0: Called Strike 0-1: Foul Ball, location: 2F 0-2: Ball 1-2: Strikes out swinging
|
| Top of the 2nd over - 5 runs, 2 hits, 1 error, 0 left on base; Scranton WB 5 - Norfolk 0 |
| BOTTOM OF THE 2ND |
|
Norfolk Tides batting - Pitching for Scranton WB RailRiders : LHP Nate Ciccarelli
|
|
Batting: LHB Josh Downs
|
0-0: Ground out 5-3 (Groundball, 56, EV 90.0 MPH)
|
|
Batting: RHB Mario Saez
|
0-0: Called Strike 0-1: Ball 1-1: Ground out 4-3 (Groundball, 4, EV 88.8 MPH)
|
|
Batting: RHB R.J. Chapple
|
0-0: Ball 1-0: Fly out, F8 (Flyball, 8LS, EV 86.9 MPH)
|
| Bottom of the 2nd over - 0 runs, 0 hits, 0 errors, 0 left on base; Scranton WB 5 - Norfolk 0 |
| TOP OF THE 3RD |
|
Scranton WB RailRiders batting - Pitching for Norfolk Tides : RHP Ryan Kotter
|
|
Batting: RHB Sean Neuroth
|
0-0: Called Strike 0-1: Ball 1-1: Ground out 4-3 (Groundball, 4, EV 82.5 MPH)
|
|
Batting: RHB Jarrod Joyce
|
0-0: Ball 1-0: Swinging Strike 1-1: SINGLE (Groundball, 6MD, EV 94.4 MPH)
|
|
Batting: RHB Jeremy Boerman
|
0-0: Ball 1-0: Foul Ball, location: 2F 1-1: Swinging Strike 1-2: Ball 2-2: Strikes out swinging
|
|
Batting: RHB Russ Shambaugh
|
0-0: Foul Ball, location: 2F 0-1: Fly out, F8 (Flyball, 8LD, EV 106.3 MPH)
|
| Top of the 3rd over - 0 runs, 1 hit, 0 errors, 1 left on base; Scranton WB 5 - Norfolk 0 |
| BOTTOM OF THE 3RD |
|
Norfolk Tides batting - Pitching for Scranton WB RailRiders : LHP Nate Ciccarelli
|
|
Batting: RHB Ricky Jimenez
|
0-0: Called Strike 0-1: Ball 1-1: Ball 2-1: Called Strike 2-2: Strikes out swinging
|
|
Batting: RHB Chase Cassidy
|
0-0: Called Strike 0-1: Ball 1-1: Ball 2-1: Foul Ball, location: 2F 2-2: Strikes out looking
|
|
Batting: LHB Tom Edwards
|
0-0: Called Strike 0-1: Ball 1-1: Swinging Strike 1-2: Ball 2-2: Ball 3-2: Base on Balls
|
|
Batting: SHB Brian Bentz
|
0-0: Called Strike Tom Edwards steals 2nd base 0-1: Ball 1-1: Foul Ball, location: 2F 1-2: Foul Ball, location: 2F 1-2: Ball 2-2: Foul Ball, location: 2F 2-2: Foul Ball, location: 2F 2-2: Ball 3-2: Foul Ball, location: 2F 3-2: Strikes out swinging
|
| Bottom of the 3rd over - 0 runs, 0 hits, 0 errors, 1 left on base; Scranton WB 5 - Norfolk 0 |
| TOP OF THE 4TH |
|
Scranton WB RailRiders batting - Pitching for Norfolk Tides : RHP Ryan Kotter
|
|
Batting: RHB Ryan Alban
|
0-0: Called Strike 0-1: Fly out, F7 (Line Drive, 7, EV 96.9 MPH)
|
|
Batting: LHB Frank Mullen
|
0-0: Called Strike 0-1: Ball 1-1: Ball 2-1: Fly out, F8 (Line Drive, 8RD, EV 103.8 MPH)
|
|
Batting: SHB Cristiano Serrão
|
0-0: Called Strike 0-1: Foul Ball, location: 2F 0-2: Ball 1-2: Ball 2-2: Fly out, F8 (Flyball, 8LM, EV 81.9 MPH)
|
| Top of the 4th over - 0 runs, 0 hits, 0 errors, 0 left on base; Scranton WB 5 - Norfolk 0 |
| BOTTOM OF THE 4TH |
|
Norfolk Tides batting - Pitching for Scranton WB RailRiders : LHP Nate Ciccarelli
|
|
Batting: RHB Mike Hayward
|
0-0: Called Strike 0-1: TRIPLE (Flyball, 89XD, EV 110.0 MPH)
|
|
Batting: RHB Sal Espinosa
|
0-0: Called Strike 0-1: Called Strike 0-2: Ball 1-2: Strikes out swinging
|
|
Batting: LHB Josh Downs
|
0-0: Called Strike 0-1: Called Strike 0-2: Ball 1-2: Ball 2-2: Ball 3-2: Strikes out swinging
|
|
Batting: RHB Mario Saez
|
0-0: 2-RUN HOME RUN (Flyball, 7D, EV 99.4 MPH), Distance : 388 ft
|
|
Batting: RHB R.J. Chapple
|
0-0: Ball 1-0: Called Strike 1-1: Foul Ball, location: 2F 1-2: Ball 2-2: Ball 3-2: Foul Ball, location: 2F 3-2: Base on Balls
|
|
Batting: RHB Ricky Jimenez
|
0-0: Called Strike R.J. Chapple steals 2nd, throwing error, E2 R.J. Chapple to third 0-1: Swinging Strike 0-2: Ball 1-2: Ground out U3 (Groundball, 13, EV 85.0 MPH)
|
| Bottom of the 4th over - 2 runs, 2 hits, 1 error, 1 left on base; Scranton WB 5 - Norfolk 2 |
| TOP OF THE 5TH |
|
Scranton WB RailRiders batting - Pitching for Norfolk Tides : RHP Ryan Kotter
|
|
Batting: RHB Neal Tinoco
|
0-0: Ball 1-0: Called Strike 1-1: SOLO HOME RUN (Flyball, 7D, EV 95.6 MPH), Distance : 378 ft
|
|
Batting: LHB Kazuyoshi Nakamura
|
0-0: Fly out, F8 (Flyball, 78D, EV 95.0 MPH)
|
|
Batting: RHB Sean Neuroth
|
0-0: Ball 1-0: Ground out 5-3 (Groundball, 56, EV 82.5 MPH)
|
|
Batting: RHB Jarrod Joyce
|
0-0: Ball 1-0: Foul Ball, location: 2F 1-1: Ball 2-1: Ball 3-1: Fly out, F8 (Flyball, 8RD, EV 85.6 MPH)
|
| Top of the 5th over - 1 run, 1 hit, 0 errors, 0 left on base; Scranton WB 6 - Norfolk 2 |
| BOTTOM OF THE 5TH |
|
Norfolk Tides batting - Pitching for Scranton WB RailRiders : LHP Nate Ciccarelli
|
|
Batting: RHB Chase Cassidy
|
0-0: Fly out, F9 (Flyball, 9S, EV 71.9 MPH)
|
|
Batting: LHB Tom Edwards
|
0-0: Called Strike 0-1: Foul Ball, location: 2F 0-2: Ball 1-2: Strikes out swinging
|
|
Batting: SHB Brian Bentz
|
0-0: Swinging Strike 0-1: Ball 1-1: Ball 2-1: Foul Ball, location: 2F 2-2: Ground out 6-3 (Groundball, 6, EV 104.4 MPH)
|
| Bottom of the 5th over - 0 runs, 0 hits, 0 errors, 0 left on base; Scranton WB 6 - Norfolk 2 |
| TOP OF THE 6TH |
|
Scranton WB RailRiders batting - Pitching for Norfolk Tides : RHP Ryan Kotter
|
|
Batting: RHB Jeremy Boerman
|
0-0: Called Strike 0-1: Ground out 4-3 (Groundball, 34D, EV 106.9 MPH)
|
|
Batting: RHB Russ Shambaugh
|
0-0: Ball 1-0: Ball 2-0: Called Strike 2-1: Fly out, F7 (Flyball, 7, EV 73.8 MPH)
|
|
Batting: RHB Ryan Alban
|
0-0: Ball 1-0: Ball 2-0: Called Strike 2-1: Swinging Strike 2-2: SINGLE (Line Drive, 4D, EV 101.3 MPH)
|
|
Batting: LHB Frank Mullen
|
0-0: Ball 1-0: Foul Ball, location: 2F 1-1: Called Strike 1-2: Ground out 5-3 (Groundball, 56S, EV 65.0 MPH)
|
| Top of the 6th over - 0 runs, 1 hit, 0 errors, 1 left on base; Scranton WB 6 - Norfolk 2 |
| BOTTOM OF THE 6TH |
|
Norfolk Tides batting - Pitching for Scranton WB RailRiders : LHP Nate Ciccarelli
|
|
Batting: RHB Mike Hayward
|
0-0: Ball 1-0: Ball 2-0: Foul Ball, location: 2F 2-1: Ground out 4-3 (Groundball, 4, EV 106.3 MPH)
|
|
Batting: RHB Sal Espinosa
|
0-0: Ball 1-0: Fly out, F8 (Flyball, 8RM, EV 91.9 MPH)
|
|
Batting: LHB Josh Downs
|
0-0: Swinging Strike 0-1: Ball 1-1: Foul Ball, location: 2F 1-2: Foul Ball, location: 2F 1-2: Ball 2-2: Ball 3-2: Base on Balls
|
|
Batting: RHB Mario Saez
|
0-0: Foul Ball, location: 2F 0-1: Foul Ball, location: 2F 0-2: Ball 1-2: Ground out U3 (Groundball, 3S, EV 74.4 MPH)
|
| Bottom of the 6th over - 0 runs, 0 hits, 0 errors, 1 left on base; Scranton WB 6 - Norfolk 2 |
| TOP OF THE 7TH |
|
Scranton WB RailRiders batting - Pitching for Norfolk Tides : RHP Ryan Kotter
|
|
Pitching: RHP Wil Martinez
|
|
|
Batting: SHB Cristiano Serrão
|
0-0: Ball 1-0: Called Strike 1-1: Ball 2-1: Ball 3-1: Fly out, F7 (Flyball, 78D, EV 100.6 MPH)
|
|
Batting: RHB Neal Tinoco
|
0-0: Ball 1-0: Ball 2-0: Ball 3-0: Called Strike 3-1: Foul Ball, location: 2F 3-2: Foul Ball, location: 2F 3-2: Foul Ball, location: 2F 3-2: Base on Balls
|
|
Batting: LHB Kazuyoshi Nakamura
|
0-0: Fly out, F5 (Popup, 56, EV 77.5 MPH)
|
|
Batting: RHB Sean Neuroth
|
0-0: Called Strike 0-1: Ball 1-1: Ball 2-1: Ball 3-1: Foul Ball, location: 2F 3-2: Foul Ball, location: 2F 3-2: Foul Ball, location: 2F 3-2: Fly out, F8 (Flyball, 78M, EV 95.0 MPH)
|
| Top of the 7th over - 0 runs, 0 hits, 0 errors, 1 left on base; Scranton WB 6 - Norfolk 2 |
| BOTTOM OF THE 7TH |
|
Norfolk Tides batting - Pitching for Scranton WB RailRiders : LHP Nate Ciccarelli
|
|
Pitching: LHP Jason Merritt
|
|
|
Batting: RHB R.J. Chapple
|
0-0: Swinging Strike 0-1: Ball 1-1: Called Strike 1-2: Ball 2-2: Ball 3-2: Foul Ball, location: 2F 3-2: Fly out, F9 (Line Drive, 9, EV 96.3 MPH)
|
|
Batting: RHB Ricky Jimenez
|
0-0: Ball 1-0: Ball 2-0: Foul Ball, location: 2F 2-1: Fly out, F8 (Line Drive, 8LM, EV 95.6 MPH)
|
|
Batting: RHB Chase Cassidy
|
0-0: Foul Ball, location: 2F 0-1: Ball 1-1: Ball 2-1: Ball 3-1: Swinging Strike 3-2: SINGLE (Groundball, 56D, EV 102.5 MPH)
|
|
Batting: LHB Tom Edwards
|
0-0: Called Strike 0-1: Foul Ball, location: 2F 0-2: Ball Chase Cassidy is caught stealing 2nd base 2-6
|
| Bottom of the 7th over - 0 runs, 1 hit, 0 errors, 0 left on base; Scranton WB 6 - Norfolk 2 |
| TOP OF THE 8TH |
|
Scranton WB RailRiders batting - Pitching for Norfolk Tides : RHP Wil Martinez
|
|
Pitching: RHP Aaron Schneider
|
|
|
Batting: RHB Jarrod Joyce
|
0-0: Ball 1-0: Foul Ball, location: 2F 1-1: Swinging Strike 1-2: Foul Ball, location: 2F 1-2: SINGLE (Groundball, 6MD, EV 95.6 MPH)
|
|
Batting: RHB Jeremy Boerman
|
0-0: Ball 1-0: Ball 2-0: Ball 3-0: Called Strike 3-1: Fly out, F3 (Popup, 34S, EV 77.5 MPH)
|
|
Batting: RHB Russ Shambaugh
|
0-0: Ball 1-0: SINGLE (Groundball, 34D, EV 98.8 MPH) Jarrod Joyce to second Runner from 2nd tries for 3rd, SAFE, throw by RF made to third
|
|
Batting: RHB Ryan Alban
|
0-0: Ball 1-0: Called Strike 1-1: Foul Ball, location: 2F 1-2: Strikes out looking
|
|
Batting: LHB Frank Mullen
|
0-0: Called Strike 0-1: Ball 1-1: Ball 2-1: Foul Ball, location: 2F 2-2: Foul Ball, location: 2F 2-2: Ball 3-2: Base on Balls Russ Shambaugh to second
|
|
Batting: SHB Cristiano Serrão
|
0-0: Called Strike 0-1: Called Strike 0-2: Ball 1-2: Strikes out looking
|
| Top of the 8th over - 0 runs, 2 hits, 0 errors, 3 left on base; Scranton WB 6 - Norfolk 2 |
| BOTTOM OF THE 8TH |
|
Norfolk Tides batting - Pitching for Scranton WB RailRiders : LHP Jason Merritt
|
|
Batting: LHB Tom Edwards
|
0-0: Ball 1-0: Ball 2-0: Foul Ball, location: 2F 2-1: Ground out 4-3 (Groundball, 4, EV 101.9 MPH)
|
|
Batting: SHB Brian Bentz
|
0-0: Ball 1-0: Foul Ball, location: 2F 1-1: Foul Ball, location: 2F 1-2: Ground out 5-3 (Groundball, 56, EV 95.0 MPH)
|
|
Batting: RHB Mike Hayward
|
0-0: Ball 1-0: Ball 2-0: Ball 3-0: Fly out, F7 (Line Drive, 7S, EV 94.4 MPH)
|
| Bottom of the 8th over - 0 runs, 0 hits, 0 errors, 0 left on base; Scranton WB 6 - Norfolk 2 |
| TOP OF THE 9TH |
|
Scranton WB RailRiders batting - Pitching for Norfolk Tides : RHP Aaron Schneider
|
|
Pitching: RHP Josh Boyles
|
|
|
Batting: RHB Neal Tinoco
|
0-0: Ball 1-0: Ball 2-0: Foul Ball, location: 2F 2-1: Foul Ball, location: 2F 2-2: Ball 3-2: Base on Balls
|
|
Batting: LHB Kazuyoshi Nakamura
|
0-0: Bunt missed! 0-1: Ball Neal Tinoco steals 2nd base 1-1: Bunted foul 1-2: Fly out, F8 (Flyball, 8RD, EV 86.9 MPH)
|
|
Batting: RHB Sean Neuroth
|
0-0: Intentional Walk
|
|
Batting: RHB Jarrod Joyce
|
0-0: Called Strike 0-1: Foul Ball, location: 2F 0-2: Ball 1-2: Ball 2-2: Strikes out swinging
|
|
Batting: RHB Jeremy Boerman
|
0-0: Swinging Strike 0-1: Ball 1-1: Ground out 4-3 (Groundball, 4, EV 85.0 MPH)
|
| Top of the 9th over - 0 runs, 0 hits, 0 errors, 2 left on base; Scranton WB 6 - Norfolk 2 |
| BOTTOM OF THE 9TH |
|
Norfolk Tides batting - Pitching for Scranton WB RailRiders : LHP Jason Merritt
|
|
Batting: RHB Sal Espinosa
|
0-0: Ball 1-0: Fly out, F2 (Popup, 23F, EV 89.4 MPH)
|
|
Batting: LHB Josh Downs
|
0-0: Ball 1-0: Called Strike 1-1: Swinging Strike 1-2: Ball 2-2: Strikes out looking
|
|
Batting: RHB Mario Saez
|
0-0: Called Strike 0-1: Foul Ball, location: 2F 0-2: Ball 1-2: Ball 2-2: Ball 3-2: Foul Ball, location: 2F 3-2: Ground out 6-3 (Groundball, 6M, EV 107.5 MPH)
|
| Bottom of the 9th over - 0 runs, 0 hits, 0 errors, 0 left on base; Scranton WB 6 - Norfolk 2 |
|